 Dungeon Crawl Stone Soup version 0.26.1-11-gd32895ea62 (webtiles) character file.

Game seed: 14242293126432045018

198 OdinFK the Scratcher (level 5, 0/23 HPs)
             Began as a Felid Transmuter on May 6, 2021.
             Slain by a hornet zombie (14 damage)
             ... on level 5 of the Dungeon.
             The game lasted 00:27:35 (6181 turns).

OdinFK the Scratcher (Felid Transmuter)             Turns: 6181, Time: 00:27:36

Health: 0/23       AC:  1    Str:  4 (7)  XL:     5   Next: 47%
Magic:  9/9        EV: 20    Int: 13 (14) God:
Gold:   203        SH:  0    Dex: 16 (17) Spells: 4/8 levels left
                                        Lives:  0   Deaths: 1

rFire    . . .     SeeInvis +     - Unarmed
rCold    . . .     Faith    .   (shield unavailable)
rNeg     . . .     Spirit   .   (armour unavailable)
rPois    .         Reflect  .   (helmet unavailable)
rElec    .         Harm     .   (cloak unavailable)
rCorr    .         Rampage  .   (gloves unavailable)
Will     +....                  (boots unavailable)
Stlth    +++.......             (no amulet)
HPRegen  0.07/turn              s - ring of willpower
MPRegen  0.11/turn              a - ring of wizardry

@: quick
A: very small, no armour, no weapons or thrown items, stealth, claws 1, fangs 3,
see invisible, speed 1, shaggy fur 1, sharp paws
a: no special abilities


You were on level 5 of the Dungeon.
You visited 1 branch of the dungeon, and saw 5 of its levels.

You collected 203 gold pieces.

Inventory:

Jewellery
 a - a ring of wizardry (right paw)
 g - an uncursed ring of willpower
 r - an uncursed ring of magical power
 s - a ring of willpower (left paw)
Wands
 v - a wand of enslavement (2)
Scrolls
 b - a scroll of magic mapping {unknown}
 d - 2 scrolls of fear {unknown}
 i - a scroll of teleportation {unknown}
 j - 2 scrolls of immolation
 l - a scroll of random uselessness {unknown}
 m - a scroll of blinking {unknown}
 t - 2 scrolls of fog
 u - 2 scrolls of remove curse
Potions
 h - a potion of berserk rage {unknown}
 k - a potion of lignification {unknown}
 n - a potion of brilliance {unknown}
 o - a potion of mutation {unknown}
 p - a potion of might {unknown}
 q - a potion of magic


   Skills:
 + Level 2.4 Fighting
 + Level 4.4 Dodging
 + Level 3.6 Stealth
 - Level 5.0 Unarmed Combat
 - Level 2.0 Spellcasting
 - Level 3.0 Transmutations


You had 4 spell levels left.
You knew the following spells:

 Your Spells              Type           Power        Failure   Level
a - Beastly Appendage     Tmut           18%          3%          1
b - Spider Form           Tmut/Pois      2%           16%         3

Your spell library contained the following spells:

 Spells                   Type           Power        Failure   Level
 Wereblood                Tmut           9%           4%          2
 Magic Dart               Conj           4%           11%         1
 Searing Ray              Conj           2%           16%         2
 Dazzling Flash           Conj/Hex       2%           28%         3
 Ice Form                 Ice/Tmut       5%           45%         4
 Fulminant Prism          Conj/Hex       0%           65%         4
 Iskenderun's Mystic Bla  Conj/Tloc      1%           65%         4
 Blade Hands              Tmut           4%           58%         5


Dungeon Overview and Level Annotations

Branches:
Dungeon (5/15)
 Temple: D:4-7

Altars:
Gozag
Hepliaklqana
Xom


Innate Abilities, Weirdness & Mutations

You cannot wear armour.
You are incapable of wielding weapons or throwing items.
Your paws allow you to move quietly. (Stealth)
You have sharp claws.
You have razor-sharp teeth.
You have supernaturally acute eyesight. (SInv)
You cover ground quickly.
You are covered in fur. (AC +1)
Your sharp claws are effective at attacking unaware monsters.


Message History

g - Guard the area. f - Follow me.
Anything else - Cancel.
Gang up on whom?
Press: ? - help, Dir - move target, f - hound, p - hornet zombie
Aim: a hound Attack!
Your hornet zombie closely misses the hound.
The hound misses you.
Your hornet zombie barely misses the hound.
Your hornet zombie closely misses the hound.
The hound barely misses you.
You claw the hound!
The hound is heavily wounded.
Your hornet zombie hits the hound!
The hound dies!
There is a shaft here.
You start resting.
The hornet zombie is no longer charmed.
The hornet zombie hits you!
Ouch! That really hurt!
You die...

# ######.#
#....#.##
#.#.....#
#.#..####
#.######.#..#
#......#....# #.
#@#....#
#..###.Z...##
.#..#.....#.#
........###.#
##..##.#.....#
......#..####
#.###..)#
###>......#
........#.######


You could see a hornet zombie.

Vanquished Creatures
  A hound (D:2)
  Jessica (D:3)
  Natasha (twice) (D:3 D:2)
  A worker ant (D:3)
  A howler monkey skeleton (D:4)
  5 adders
  An ooze (D:2)
  An adder skeleton (D:4)
  2 dart slugs (D:3)
  5 leopard geckos
  8 orcs
  10 bats
  A giant cockroach (D:2)
  9 goblins
  11 hobgoblins
  4 jackals (D:4)
  10 kobolds
  3 quokkas
  6 frilled lizards
  7 rats
89 creatures vanquished.

Vanquished Creatures (collateral kills)
  A hound (D:5)
1 creature vanquished.

Grand Total: 90 creatures vanquished

Notes
Turn   | Place    | Note
-------+----------+-------------------------------------------
     0 | D:1      | OdinFK the Felid Transmuter began the quest for the Orb.
     0 | D:1      | Reached XP level 1. HP: 9/9 MP: 4/4
   444 | D:1      | Reached XP level 2. HP: 12/12 MP: 6/6
   686 | D:1      | Reached skill level 1 in Stealth
  1837 | D:1      | Reached XP level 3. HP: 15/15 MP: 7/7
  2089 | D:1      | Reached XP level 4. HP: 9/19 MP: 6/8
  2398 | D:2      | Learned a level 3 spell: Spider Form
  2991 | D:3      | Found a shimmering altar of Xom.
  3157 | D:3      | Found an opulent altar of Gozag.
  3285 | D:3      | Noticed Jessica
  3290 | D:3      | Killed Jessica
  3291 | D:3      | Reached skill level 4 in Unarmed Combat
  3291 | D:3      | Reached XP level 5. HP: 22/22 MP: 7/9
  3585 | D:3      | Found a hazy altar of Hepliaklqana.
  3585 | D:3      | Noticed Natasha
  3610 | D:3      | Killed Natasha
  3946 | D:3      | Noticed Natasha
  4769 | D:4      | HP: 1/22 [scorpion (9)]
  5029 | D:4      | Noticed a moth of wrath
  5042 | D:4      | Reached skill level 5 in Unarmed Combat
  5554 | D:3      | Killed from afar by Natasha
  5555 | D:3      | Reached XP level 4. HP: -3/19 MP: 8/8
  5597 | D:2      | Killed Natasha
  5598 | D:2      | Reached XP level 5. HP: 3/22 MP: 9/9
  5862 | D:5      | Entered Level 5 of the Dungeon
  6181 | D:5      | Slain by a hornet zombie

Illustrated notes

Levels and vault maps discovered:
D:1:      saegor_arrival_under_anarchy, layout_loops_ring
D:2:      layout_rooms, kennysheep_generic_room_16, uniq_crazy_yiuf_cottage
D:3:      layout_basic, nzn_hepliaklqana_mist_gate,
          lemuel_coloured_pillars_altar, grunt_gozag_breadcrumbs,
          chequers_arboretum, uniq_jessica, uniq_natasha
D:4:      layout_basic, tgw_trog, serial_glass, glass_columns_c,
          glass_columns_a, feat_on_display, item_on_display_a
D:5:      layout_basic, lemuel_zombie_altar_kikubaaqudgha

Skill      XL: |  1  2  3  4  5 |
---------------+----------------+-----
Dodging        | 3 4 |  4.4
Stealth        | 1 2 3 |  3.6
Fighting       | 2 |  2.4
Unarmed Combat | 4 5 |  5.0
Transmutations | 3 |  3.0
Spellcasting   | |  2.0

Action                   |  1- 3 |  4- 6 || total
-------------------------+-------+-------++-------
Melee: Unarmed           |    88 |   213 ||   301
       Headbutt          |     7 |    24 ||    31
       Bite              |     4 |    25 ||    29
       Punch             |       |     5 ||     5
 Cast: Beastly Appendage |    20 |    29 ||    49
Evoke: Wand              |       |     1 ||     1
  Use: Potion            |       |     5 ||     5
       Scroll            |       |     4 ||     4
 Stab: Sleeping          |     7 |     5 ||    12
Armor: Skin              |     1 |     4 ||     5
Dodge: Dodged            |    60 |   173 ||   233
